 Dungeon Crawl Stone Soup version 0.26.0-15-gc6cd9f7 (webtiles) character file.

Game seed: 11485778346727577021

277 GeorgeSoros the Ducker (level 6, -7/32 HPs)
             Began as a Deep Elf Hedge Wizard on Jan 31, 2021.
             Was an Initiate of Gozag.
             Mangled by an orc warrior
             ... wielding a +0 glaive
              (38 damage)
             ... on level 5 of the Dungeon.
             The game lasted 00:23:05 (5628 turns).

GeorgeSoros the Ducker (Deep Elf Hedge Wizard)      Turns: 5628, Time: 00:23:08

Health: -7/32      AC: 10    Str:  8    XL:     6   Next: 4%
Magic:  13/14      EV: 15    Int: 20    God:    Gozag
Gold:   222        SH:  0    Dex: 20    Spells: 5/13 levels left

rFire    . . .     SeeInvis .   a - +0 dagger
rCold    . . .     Faith    .   (no shield)
rNeg     . . .     Spirit   .   b - +0 robe
rPois    .         Reflect  .   l - +2 helmet
rElec    .         Harm     .   v - +2 cloak
rCorr    .         Rampage  .   u - +1 pair of gloves
Will     .....                  (no boots)
Stlth    +++.......             (no amulet)
HPRegen  0.10/turn              m - ring of stealth
MPRegen  0.14/turn              s - +6 ring of dexterity

@: no status effects
A: no striking features
a: Renounce Religion, Potion Petition, Call Merchant, Bribe Branch


You were on level 5 of the Dungeon.
You worshipped Gozag.
Gozag was aware of your devotion.
You visited 2 branches of the dungeon, and saw 6 of its levels.

You collected 288 gold pieces.
You paid 66 gold pieces to Gozag.

Inventory:

Hand Weapons
 a - a +0 dagger (weapon)
 f - a +1 vampiric hand axe
Armour
 b - a +0 robe (worn)
 l - a +2 helmet (worn)
 u - a +1 pair of gloves (worn)
 v - a +2 cloak (worn)
Jewellery
 c - an uncursed ring of fire
 m - a ring of stealth (left hand)
 s - a +6 ring of dexterity (right hand)
Scrolls
 g - a scroll of blinking
 p - a scroll of remove curse
 q - 2 scrolls of immolation
Potions
 d - 2 potions of berserk rage
 e - 2 potions of attraction
 h - a potion of mutation
 j - 2 potions of might
 k - 2 potions of haste
 n - 5 potions of curing
 o - 2 potions of ambrosia
 r - 2 potions of heal wounds {unknown}
 t - 2 potions of magic {unknown}
 w - a potion of cancellation {unknown}


   Skills:
 + Level 4.6 Dodging
 - Level 2.4 Stealth
 - Level 4.4 Spellcasting
 + Level 3.6 Conjurations
 - Level 3.0 Summonings
 - Level 1.1 Translocations
 + Level 1.6 Air Magic
 + Level 1.8 Poison Magic


You had 5 spell levels left.
You knew the following spells:

 Your Spells              Type           Power        Failure   Level
a - Magic Dart            Conj           76%          2%          1
b - Call Imp              Summ           16%          5%          2
c - Mephitic Cloud        Conj/Pois/Air  13%          14%         3
d - Blink                 Tloc           N/A          12%         2

Your spell library contained the following spells:

 Spells                   Type           Power        Failure   Level
 Conjure Flame            Conj/Fire      11%          17%         3
 Slow                     Hex            4%           19%         2


Dungeon Overview and Level Annotations

Branches:
Dungeon (5/15)             Temple (1/1) D:4

Altars:
Ashenzari
Dithmenos
Elyvilon
Fedhas
Gozag
Kikubaaqudgha
Makhleb
Nemelex Xobeh
Qazlal
Ru
Sif Muna
Trog
Uskayaw
Vehumet
Wu Jian
Xom
Yredelemnul
Zin
The Shining One

Annotations:
D:3 3 runed translucent doors, brinewave's ghost, amateur MiMo
D:5 Grinder


Message History

An orc comes into view.
The orc wizard shouts!
You hear a shout!
The orc warrior shouts!
Found 13 poisoned darts.
You hear a shout! x2
The orc warrior drinks a potion.
The orc warrior goes berserk!
You hear a shout!
The bullfrog skeleton barely misses you.
The orc warrior rages.
You hear a shout!
The orc warrior rages.
The orc warrior completely misses you.
Grinder shouts!
Grinder hits you but does no damage.
You hit Grinder.
Grinder is lightly wounded.
The orc warrior misses you.
The orc warrior hits you with a +0 glaive!!!
Ouch! That really hurt!
You die...
Your body crumbles into a pile of gold.

........#..5.#
#.......#
o.....###.##.#
#.....!.# ....o.
... #.######+#<...#
......#.## #.#....#
#....# ...^.##.#
#.#[##.# .........
...o.##.#
#.#..#.#####......
.(......# #....#.#
.......
####.############5#
.......
....>....oZl..So@.#
#######
...#.##############
##.#.# #.#S# ..#.#
..... ......#
......# ......#


You could see Grinder, an orc warrior (berserk), an orc wizard, an adder, a
leopard gecko and a bullfrog skeleton.

Vanquished Creatures
  A howler monkey (D:4)
  A centaur skeleton (D:4)
  3 adders
  3 worms
  A dart slug (D:1)
  2 leopard geckos
  2 orcs (D:3)
  4 giant cockroaches
  9 goblins
  7 hobgoblins
  4 jackals
  A kobold (D:3)
  A ball python (D:2)
  11 bats
  5 frilled lizards
  10 rats
65 creatures vanquished.

Vanquished Creatures (collateral kills)
  A scorpion (D:3)
  A hound (D:5)
  Crazy Yiuf (D:4)
  Terence (D:3)
  A worker ant (D:5)
  A giant cockroach (D:5)
  A ball python (D:5)
7 creatures vanquished.

Grand Total: 72 creatures vanquished

Notes
Turn   | Place    | Note
-------+----------+-------------------------------------------
     0 | D:1      | GeorgeSoros the Deep Elf Hedge Wizard began the quest for
                  | the Orb.
     0 | D:1      | Reached XP level 1. HP: 10/10 MP: 7/7
   141 | D:1      | Reached XP level 2. HP: 15/15 MP: 1/9
   217 | D:1      | Learned a level 2 spell: Call Imp
   764 | D:1      | Reached XP level 3. HP: 19/19 MP: 8/10
  1612 | D:2      | Found a bloodstained altar of Trog.
  1614 | D:2      | Found a basalt altar of Yredelemnul.
  1678 | D:2      | Found a faded altar of an unknown god.
  1945 | D:2      | Reached XP level 4. HP: 21/24 MP: 3/12
  2017 | D:2      | Found a stormy altar of Qazlal.
  2227 | D:3      | Found a runed translucent gate.
  2229 | D:3      | Found a runed translucent gate.
  2230 | D:3      | Found a runed translucent gate.
  2263 | D:3      | Noticed brinewave's ghost (amateur MiMo)
  2269 | D:3      | Noticed Terence
  2278 | D:3      | Killed Terence
  2634 | D:3      | Learned a level 3 spell: Mephitic Cloud
  2747 | D:3      | Reached XP level 5. HP: 28/28 MP: 1/13
  3066 | D:3      | Found a glowing golden altar of the Shining One.
  3736 | D:4      | Reached skill level 1 in Air Magic
  3736 | D:4      | Reached skill level 1 in Poison Magic
  3993 | D:4      | Found a staircase to the Ecumenical Temple.
  4051 | Temple   | Entered the Ecumenical Temple
  4095 | Temple   | Became a worshipper of Gozag Ym Sagoz the Greedy
  4392 | D:4      | Learned a level 2 spell: Blink
  4700 | D:4      | Found a runed translucent door.
  4701 | D:4      | Noticed Crazy Yiuf
  5131 | D:5      | Entered Level 5 of the Dungeon
  5141 | D:4      | Killed Crazy Yiuf
  5345 | D:5      | Reached XP level 6. HP: 32/32 MP: 2/14
  5384 | D:5      | Noticed an orc warrior
  5558 | D:5      | Noticed Grinder
  5628 | D:5      | Mangled by an orc warrior

Illustrated notes

Levels and vault maps discovered:
D:1:      dpeg_arrival_renting, layout_rooms
D:2:      layout_rooms, minitemple, marbit_many_paths,
          chequers_ecumenical_altar_lobes
D:3:      minmay_spotlight, layout_rooms, nicolae_tso_swordbearing_angel,
          gammafunk_ghost_icy, uniq_terence
D:4:      layout_layer_cave, temple_doors_e, uniq_crazy_yiuf_cottage
D:5:      layout_basic, serial_shops, shop, uniq_grinder
Temple:   compressed_dpeg_circular_temple

Skill      XL: |  1  2  3  4  5 |
---------------+----------------+-----
Dodging        | 3 4 |  4.6
Conjurations   | 2 3 |  3.6
Summonings     | 2 3 |  3.0
Air Magic      | 1 |  1.6
Poison Magic   | 1 |  1.8
Stealth        | |  2.4
Spellcasting   | |  4.4
Translocations | |  1.1

Action                   |  1- 3 |  4- 6 || total
-------------------------+-------+-------++-------
Melee: Dagger            |    25 |     3 ||    28
 Cast: Magic Dart        |   108 |   115 ||   223
       Call Imp          |       |    26 ||    26
       Blink             |       |     5 ||     5
  Use: Scroll            |     6 |     8 ||    14
Armor: Robe              |     9 |     9 ||    18
Dodge: Dodged            |    41 |    38 ||    79
